 Dungeon Crawl Stone Soup version 0.22-a0-858-g985ef60 (webtiles) character file.

9 wazuzu the Ducker (level 2, 23/26 HPs)
             Began as a Gnoll Wanderer on July 27, 2018.
             Quit the game on level 1 of the Dungeon.
             The game lasted 00:00:34 (167 turns).

wazuzu the Ducker (Gnoll Wanderer)                   Turns: 167, Time: 00:00:34

Health: 23/26      AC:  2    Str: 15    XL:     2   Next: 12%
Magic:  3/3        EV: 16    Int: 13    God:
Gold:   0          SH:  0    Dex: 14    Spells: 1/1 levels left

rFire    . . .     SeeInvis .     - Unarmed
rCold    . . .     Gourm    .   (no shield)
rNeg     . . .     Faith    .   d - +0 robe
rPois    .         Spirit   .   (no helmet)
rElec    .         Reflect  .   (no cloak)
rCorr    .         Harm     .   (no gloves)
MR       .....                  (no boots)
Stlth    +++.......             (no amulet)
HPRegen  0.08/turn              (no ring)
MPRegen  0.08/turn              (no ring)

@: no status effects
A: distributed training, fangs 1, strong nose
a: no special abilities


You were on level 1 of the Dungeon.
You were not hungry.

You visited 1 branch of the dungeon, and saw 1 of its levels.

Inventory:

Armour
 d - a +0 robe (worn)
Wands
 a - a wand of enslavement (15)
Scrolls
 c - a scroll of teleportation
 e - 2 scrolls of immolation {unknown}
Potions
 b - a potion of brilliance {unknown}
Comestibles
 f - a ration
 g - a chunk of flesh


   Skills:
 + Level 4.4 Fighting
 + Level 0.2 Short Blades
 + Level 0.2 Long Blades
 + Level 0.2 Axes
 + Level 0.2 Maces & Flails
 + Level 0.2 Polearms
 + Level 0.2 Staves
 + Level 0.2 Slings
 + Level 0.2 Bows
 + Level 0.2 Crossbows
 + Level 0.2 Throwing
 + Level 0.2 Armour
 + Level 6.4 Dodging
 + Level 5.9 Stealth
 + Level 0.2 Shields
 + Level 2.4 Unarmed Combat
 + Level 0.2 Spellcasting
 + Level 0.1 Conjurations
 + Level 0.1 Hexes
 + Level 0.1 Charms
 + Level 0.1 Summonings
 + Level 0.1 Necromancy
 + Level 0.1 Translocations
 + Level 0.1 Transmutations
 + Level 0.1 Fire Magic
 + Level 0.1 Ice Magic
 + Level 0.1 Air Magic
 + Level 0.1 Earth Magic
 + Level 0.1 Poison Magic
 + Level 0.3 Invocations
 + Level 2.4 Evocations


You had one spell level left.
You didn't know any spells.
Your spell library was empty.

Dungeon Overview and Level Annotations

Branches:
Dungeon (1/15)

Altars:


Innate Abilities, Weirdness & Mutations

Your experience applies equally to all skills.
You have very sharp teeth.
Your uncanny sense of smell can sniff out nearby items.


Message History

You hit the goblin.
The goblin is moderately wounded.
The goblin hits you.
You hit the goblin.
The goblin is severely wounded.
The goblin completely misses you.
You barely miss the goblin.
The goblin is severely wounded.
The goblin hits you.
You hit the goblin but do no damage.
The goblin is severely wounded.
The goblin misses you.
You closely miss the goblin.
The goblin is severely wounded.
The goblin hits you but does no damage.
You hit the goblin.
You kill the goblin!
e - 2 scrolls labeled NIENWO LIEC (gained 1)
Found a stone staircase leading down.
Are you sure you want to abandon this character and quit the game? (Confirm with "yes".)

.....##.........##.#
#.##.#...###.##.##.#
#.##.....# #.##.##.#
..####...# #.......#
#### ##### ####.####
...# #.#
##.######### #.#
#..........# #.##
#..###.....# #.@#
...#.......# ##.#
#†##.#.....# ..#
...÷.....>.# .###
############ #> ...#
# #### ## §#


There were no monsters in sight!

Vanquished Creatures
  2 bats (D:1)
  3 jackals (D:1)
  2 goblins (D:1)
  A kobold (D:1)
8 creatures vanquished.

Notes
Turn   | Place    | Note
-------+----------+-------------------------------------------
     0 | D:1      | wazuzu the Gnoll Wanderer began the quest for the Orb.
     0 | D:1      | wazuzu set off with: a wand of enslavement (15), a +0 spear, a scroll of teleportation, a +0 robe, a +0 dagger, a ration
     0 | D:1      | Reached XP level 1. HP: 20/20 MP: 2/2
    80 | D:1      | Reached XP level 2. HP: 26/26 MP: 3/3
   167 | D:1      | Quit the game

Vault maps used:
D:1:      grunt_arrival_lava_bath, minmay_octomino_c4

Action                   || total
-------------------------++-------
Melee: Unarmed           ||    22
       Bite              ||     3
 Stab: Sleeping          ||     1
Armor: Robe              ||     3
Dodge: Dodged            ||    17

Table legend:
 A = Spawn XP
 B = Non-spawn XP
 C = Spawn XP percentage of total XP
 D = Spawn monster count
 E = Non-spawn monster count
 F = Spawn count percentage of total count
 G = Total turns spent on level
                    A         B        C        D         E        F      G
               +---------+---------+-------+---------+---------+-------+---------
         Total |       0 |      13 |   0.0 |       0 |       8 |   0.0 |   167
               +---------+---------+-------+---------+---------+-------+---------
           D:1 |       0 |      13 |   0.0 |       0 |       8 |   0.0 |   167
               +---------+---------+-------+---------+---------+-------+---------
